 Dungeon Crawl Stone Soup version 0.28-a0-239-g68911e0c57 (webtiles) character file.

Game seed: 17635036624483667301

19467 robertstho the Thaumaturge (level 13, -1/92 HPs)
             Began as a Djinni Fire Elementalist on Aug 23, 2021.
             Was an Initiate of Gozag.
             Killed from afar by a rime drake (21 damage)
             ... with a flash freeze
             ... on level 4 of the Lair of Beasts.
             The game lasted 00:21:48 (15409 turns).

robertstho the Thaumaturge (DjFE)                  Turns: 15409, Time: 00:21:49

Health: -1/92      AC:  4    Str:  7    XL:     13   Next: 4%
Gold:   1299       EV: 19    Int: 22    God:    Gozag SH:  0 Dex: 14

rFire   + + .      SeeInvis .   q - +3 trident (freeze)
rCold   x . .      Faith    .   (no shield)
rNeg    . . .      Spirit   .   c - +1 robe {Archmagi}
rPois   ∞          Reflect  .   y - +0 helmet
rElec   .          Harm     .   (no cloak)
rCorr   .          Rampage  .   (no gloves)
Will    +....      Archmagi +   (boots unavailable)
Stlth   +++.......              D - amulet of the acrobat
HPRegen 0.25/turn               s - +4 ring of evasion
MPRegen 0.00/turn               (no ring)

@: gold aura, flying
A: sickness immunity, fire resistance 2, cold vulnerability 1, float, innate
caster, hp casting, extra vitality 1
a: Renounce Religion, Potion Petition, Call Merchant, Bribe Branch


You were on level 4 of the Lair of Beasts.
You worshipped Gozag.
Gozag was most pleased with you.
You visited 3 branches of the dungeon, and saw 13 of its levels.

You collected 1407 gold pieces.
You paid 108 gold pieces to Gozag.

Inventory:

Hand Weapons
 e - a +0 vampiric dagger
 q - a +3 trident of freezing (weapon)
 t - the +4 dagger of Quiescent Offence {antimagic, rN++ Stlth-}
   (You found it on level 7 of the Dungeon)

   It reduces the magical energy of the wielder, and disrupts the spells and
   magical abilities of those it strikes.
   Natural abilities and divine invocations are not affected.
   rN:        It greatly protects you from negative energy.
   Stlth:     It makes you less stealthy.
Armour
 c - a +1 robe of the Archmagi (worn)
 y - a +0 helmet (worn)
Jewellery
 s - a +4 ring of evasion (left hand)
 D - an amulet of the acrobat (around neck)
Wands
 r - a wand of charming (21)
 v - a wand of flame (8)
 w - a wand of iceblast (8)
 C - a wand of acid (8)
 G - a wand of paralysis (12)
Scrolls
 a - 3 scrolls of enchant armour
 b - 4 scrolls of fog {unknown}
 f - 3 scrolls of noise {unknown}
 h - a scroll of summoning
 n - 5 scrolls of teleportation
 o - a scroll of magic mapping
 x - 3 scrolls of fear {unknown}
 A - a scroll of blinking {unknown}
 B - 3 scrolls of amnesia {unknown}
 E - 4 scrolls of identify
 H - a scroll of brand weapon {unknown}
 J - 2 scrolls of immolation
Potions
 d - 2 potions of heal wounds {unknown}
 g - 4 potions of curing {unknown}
 i - 2 potions of magic {unknown}
 j - a potion of berserk rage {unknown}
 k - a potion of attraction {unknown}
 l - a potion of flight {unknown}
 m - 3 potions of brilliance {unknown}
 p - a potion of lignification
 u - a potion of mutation {unknown}
 z - a potion of might {unknown}
 F - a potion of cancellation {unknown}
 I - a potion of haste


   Skills:
 * Level 8.2 Fighting
 + Level 3.1(3.6) Short Blades
 + Level 2.7(3.4) Long Blades
 + Level 1.4 Polearms
 + Level 4.6 Armour
 + Level 6.7 Dodging
 + Level 4.6 Stealth
 + Level 3.0 Shields
 * Level 12.5 Spellcasting
 + Level 3.0 Evocations


You had 2 spell levels left.
You knew the following spells:

 Your Spells              Type           Power      Damage    Failure   Level
a - Foxfire               Conj/Fire      100%       2x1d9     1%          1
b - Conjure Flame         Conj/Fire      80%        6-21      1%          3
c - Inner Flame           Hex/Fire       80%        N/A       1%          3
d - Sticky Flame          Conj/Fire      80%        2d9       1%          4
e - Fireball              Conj/Fire      40%        3d16      1%          5
f - Apportation           Tloc           100%       N/A       1%          1
g - Blink                 Tloc           N/A        N/A       1%          2
h - Summon Guardian Gole  Hex/Summ       80%        N/A       1%          3
i - Iskenderun's Mystic   Conj/Tloc      80%        2d16      1%          4
j - Animate Armour        Summ/Erth      100%       N/A       1%          4
k - Iskenderun's Battles  Conj           80%        2d13      1%          5
Your spell library was empty.

Dungeon Overview and Level Annotations

Branches:
Dungeon (8/15)             Temple (1/1) D:6            Lair (4/6) D:8
 Shoals (0/4) Lair:3       Spider (0/4) Lair:2

Altars:
Ashenzari
Dithmenos
Elyvilon
Fedhas
Gozag
Hepliaklqana
Kikubaaqudgha
Nemelex Xobeh
Okawaru
Qazlal
Ru
Trog
Vehumet
Yredelemnul

Shops:
D:8 !


Innate Abilities, Weirdness & Mutations

You are immune to sickness and miasma.
You are immune to poison.
Your flesh is very heat resistant. (rF++)
You are vulnerable to cold. (rC-)
You float through the air rather than walking.
You learn spells naturally, not from books.
Your magical power is your life essence.
You have superior vitality. (+4 HP)


Message History

You kill the wolf!
A wolf comes into view.
Unknown command.
Unknown command.
A wolf is nearby!
A wolf comes into view.
The wolf is distracted by your dazzling golden aura.
Casting: Fireball (mildly dangerous; 1% risk of failure)
Confirm with . or Enter, or press ? or * to list all spells.
Aiming: Fireball (mildly dangerous; 1% risk of failure)
Press: ? - help, Shift-Dir - straight line You feel a surge of power!
The fireball explodes!
The fireball engulfs the wolf!!
You kill the wolf!
Unknown command.
Unknown command.
Casting: Fireball (mildly dangerous; 1% risk of failure)
Confirm with . or Enter, or press ? or * to list all spells.
Aiming: Fireball (mildly dangerous; 1% risk of failure)
Press: ? - help, Shift-Dir - straight line You feel a surge of power!
The fireball explodes!
The fireball engulfs the wolf!!
You kill the wolf!
* * * LOW HITPOINT WARNING * * *
A rime drake comes into view.
The rime drake moves out of view.
Unknown command.
A rime drake is nearby!
Casting: Fireball (mildly dangerous; 1% risk of failure)
Confirm with . or Enter, or press ? or * to list all spells.
Aiming: Fireball (mildly dangerous; 1% risk of failure)
Press: ? - help, Shift-Dir - straight line You feel a surge of power!
The fireball explodes!
The fireball engulfs the rime drake!
The rime drake is heavily wounded.
* * * LOW HITPOINT WARNING * * *
The rime drake breathes ice at you. The flash freeze hits you!!
You feel a painful chill!
You die...
Your body crumbles into a pile of gold. ...#.# ...$.+. ...$8. .. $$$$k

... .$.# ...#
####...#
#....
#.#..$.#
#...#####@..#
#...$.8....##
#..$....$#.#
#..##.<$##..#
+.....####
..# P.#.. .##
#) #. #. # #


You could see a rime drake (catching breath).

Vanquished Creatures
  Gastronok (D:8)
  2 hydras
  Pikel (D:7)
  An orb spider (Lair:2)
  Maurice (D:8)
  A black mamba (Lair:3)
  12 cane toads
  A kobold demonologist (D:8)
  2 rime drakes
  4 komodo dragons
  6 blink frogs
  A snapping turtle (Lair:3)
  5 wyverns
  2 basilisks
  6 yaks (D:8)
  A steam dragon (Lair:2)
  6 water moccasins
  An orc warrior (D:8)
  3 black bears
  A hornet zombie (D:8)
  2 sky beasts
  13 wolves
  An ogre (D:4)
  2 centaurs (D:6)
  A phantom (D:5)
  A kobold brigand (D:5)
  A lemure (D:7)
  A wyvern zombie (D:7)
  6 bullfrogs
  4 scorpions
  A water moccasin zombie (D:7)
  Dowan (D:4)
  A water moccasin skeleton (D:4)
  12 killer bees
  7 wights (D:7)
  7 electric eels
  A bullfrog zombie (D:6)
  4 hounds
  A jelly (D:5)
  A centaur zombie (D:6)
  3 orc priests
  A bullfrog skeleton (D:6)
  3 centaur skeletons
  An iguana (D:3)
  3 orc wizards
  A killer bee zombie (D:7)
  7 gnolls
  7 adders
  A white imp (D:8)
  An ufetubus (D:5)
  A worm (D:5)
  2 dart slugs (D:2)
  25 orcs
  9 bats
  8 endoplasms
  3 giant cockroaches
  7 goblins
  8 hobgoblins
  6 jackals
  A quokka (D:1)
  6 ball pythons
  2 frilled lizards (D:1)
  9 kobolds
  A quokka skeleton (D:4)
  7 rats
249 creatures vanquished.

Vanquished Creatures (collateral kills)
  A ball python (D:4)
1 creature vanquished.

Vanquished Creatures (others)
  Duvessa (D:4)
  An ogre (D:4)
  Blork the orc (D:5)
  A wight (D:7)
  A jelly (D:5)
  An orc (D:4)
  2 bushes (D:8)
  742 foxfires
  16 fungi
  49 plants
815 creatures vanquished.

Grand Total: 1065 creatures vanquished

Notes
Turn   | Place    | Note
-------+----------+-------------------------------------------
     0 | D:1      | robertstho the Djinni Fire Elementalist began the quest for
                  | the Orb.
     0 | D:1      | Reached XP level 1. HP: 15/15 MP: 0/0
   270 | D:1      | Reached XP level 2. HP: 20/21 MP: 0/0
   521 | D:1      | Reached skill level 3 in Spellcasting
   888 | D:1      | Reached XP level 3. HP: 22/26 MP: 0/0
   888 | D:1      | Learned a level 1 spell: Apportation
  1096 | D:1      | Found a faded altar of an unknown god.
  1846 | D:2      | Reached XP level 4. HP: 23/31 MP: 0/0
  2289 | D:2      | Reached skill level 1 in Fighting
  2289 | D:2      | Reached XP level 5. HP: 31/37 MP: 0/0
  2289 | D:2      | Learned a level 2 spell: Blink
  2301 | D:2      | Reached skill level 4 in Spellcasting
  2527 | D:2      | Found a hazy altar of Hepliaklqana.
  3283 | D:3      | Reached XP level 6. HP: 36/43 MP: 0/0
  3943 | D:4      | Noticed an ogre
  3948 | D:4      | Killed an ogre
  3949 | D:4      | Reached skill level 5 in Spellcasting
  4108 | D:4      | Found a sparkling altar of Nemelex Xobeh.
  4129 | D:4      | Noticed an ogre
  4135 | D:4      | Reached XP level 7. HP: 40/49 MP: 0/0
  4135 | D:4      | Learned a level 3 spell: Summon Guardian Golem
  4444 | D:4      | Found a shadowy altar of Dithmenos.
  4444 | D:4      | Found a stormy altar of Qazlal.
  4445 | D:4      | Found a hazy altar of Hepliaklqana.
  4913 | D:4      | Noticed Duvessa
  4913 | D:4      | Noticed Dowan
  4922 | D:4      | Killed Dowan
  4923 | D:4      | Reached skill level 6 in Spellcasting
  4935 | D:4      | Killed Duvessa
  4936 | D:4      | Reached XP level 8. HP: 39/56 MP: 0/0
  5251 | D:4      | Reached skill level 5 in Fighting
  5251 | D:4      | Reached skill level 7 in Spellcasting
  5251 | D:4      | Reached XP level 9. HP: 66/66 MP: 0/0
  5251 | D:4      | Learned a level 4 spell: Iskenderun's Mystic Blast
  5287 | D:5      | Entered Level 5 of the Dungeon
  5377 | D:5      | Noticed Blork the orc
  5401 | D:5      | Killed Blork the orc
  6782 | D:6      | Reached skill level 8 in Spellcasting
  6856 | D:6      | Identified the +8 spear of Cataclysm {vorpal, Will+}
  7337 | D:6      | Reached XP level 10. HP: 62/72 MP: 0/0
  7601 | D:6      | Found a staircase to the Ecumenical Temple.
  7605 | D:6      | Found an iron altar of Okawaru.
  8048 | Temple   | Entered the Ecumenical Temple
  8063 | Temple   | Became a worshipper of Gozag Ym Sagoz the Greedy
  8670 | D:7      | Noticed Pikel
  8704 | D:7      | Killed Pikel
  9313 | D:7      | Identified the +4 dagger of Quiescent Offence {antimagic,
                  | rN++ Stlth-}
  9508 | D:7      | Reached skill level 9 in Spellcasting
  9852 | D:8      | Noticed Gastronok
  9860 | D:8      | Killed Gastronok
  9860 | D:8      | Noticed a kobold demonologist
  9861 | D:8      | Reached XP level 11. HP: 38/78 MP: 0/0
  9861 | D:8      | Learned a level 4 spell: Animate Armour
 10141 | D:8      | Noticed Maurice
 10145 | D:8      | Killed Maurice
 10315 | D:8      | Reached skill level 10 in Spellcasting
 10833 | D:8      | Found a staircase to the Lair.
 11060 | D:8      | Found Mecituem's Distillery.
 11079 | Lair:1   | Entered Level 1 of the Lair of Beasts
 11415 | Lair:1   | Reached skill level 11 in Spellcasting
 12357 | Lair:2   | Reached XP level 12. HP: 70/85 MP: 0/0
 12968 | Lair:2   | Found a hole to the Spider Nest.
 12974 | Lair:2   | Reached skill level 1 in Polearms
 13280 | Lair:3   | Noticed a six-headed hydra
 13285 | Lair:3   | Killed a six-headed hydra
 13959 | Lair:3   | Reached skill level 12 in Spellcasting
 14376 | Lair:3   | Found a staircase to the Shoals.
 14909 | Lair:4   | Noticed a four-headed hydra
 14913 | Lair:4   | Killed a four-headed hydra
 15395 | Lair:4   | Reached XP level 13. HP: 46/92 MP: 0/0
 15395 | Lair:4   | Learned a level 5 spell: Iskenderun's Battlesphere
 15409 | Lair:4   | Killed from afar by a rime drake

Illustrated notes

Levels and vault maps discovered:
D:1:      wander_arrival_abandoned_jail, layout_loops_ring,
          ebering_ecumenical_altar_box
D:2:      layout_basic, basic_altar, minmay_misc_feat_tiny
D:3:      layout_basic, serial_glass, glass_columns_b, glass_columns_c
D:4:      layout_loops_corners, chequers_temple_overflow_statue_of_worship,
          minmay_ruined_shrine, uniq_duvessa
D:5:      layout_loops_cross, uniq_blork_the_orc
D:6:      layout_basic, okawaru_gym_becter, minmay_temple_entry_from_below_a,
          palyth_stone_intersect
D:7:      layout_basic, uniq_pikel
D:8:      layout_basic, minmay_lair_entry_grove, serial_shops, shop,
          abandoned_shop, minmay_microvault, uniq_gastronok, uniq_maurice
Temple:   cyrus_circular_temple
Lair:1:   layout_long_grid, nicolae_quartered_pool_medium, beast_lair_carwin_11
Lair:2:   layout_loops_ring, nicolae_spider_entry_orb_guardian,
          serial_bayou_pond_e, serial_bayou_lake_a, serial_bayou_shore_b
Lair:3:   layout_hall_layers, minmay_shoals_entry_hut, serial_rivers,
          chequers_serial_rivers_marsh, chequers_serial_rivers_large_a,
          chequers_serial_rivers_micro_c, chequers_serial_rivers_room_a,
          chequers_serial_rivers_room_a, chequers_serial_rivers_room_b,
          beast_lair_carwin_6
Lair:4:   layout_regular_city, infiniplex_staircase_pool_2, grunt_megastairs_5

Skill      XL: |  1  2  3  4  5  6  7  8  9 10 11 12 |
---------------+-------------------------------------+-----
Spellcasting   | 3 4 5 6 7 8 9 11 12 | 12.5
Fighting       | 1 2 3 5 6 7 8 |  8.2
Short Blades   | 3 |  3.1
Long Blades    | 2 |  2.7
Armour         | 4 |  4.6
Dodging        | 6 |  6.7
Stealth        | 3 4 |  4.6
Shields        | 3 |  3.0
Evocations     | 3 |  3.0
Polearms       | 1 |  1.4

Action                   |  1- 3 |  4- 6 |  7- 9 | 10-12 | 13-15 || total
-------------------------+-------+-------+-------+-------+-------++-------
Melee: Short sword       |     3 |       |       |       |       ||     3
       Dagger            |       |       |    36 |       |       ||    36
       Trident           |       |       |       |     9 |       ||     9
 Cast: Foxfire           |   101 |   133 |   142 |    92 |       ||   468
       Blink             |       |     1 |       |       |       ||     1
       Sticky Flame      |       |     1 |    14 |    15 |       ||    30
       Summon Guardian G |       |       |    12 |     4 |       ||    16
       Fireball          |       |       |       |   129 |     6 ||   135
       Iskenderun's Myst |       |       |       |    10 |       ||    10
  Use: Scroll            |       |     3 |     3 |     2 |       ||     8
       Potion            |       |       |     1 |       |       ||     1
 Stab: Sleeping          |       |       |     2 |       |       ||     2
Armor: Robe              |       |     2 |    11 |     8 |       ||    21
Dodge: Dodged            |     4 |    10 |    56 |    30 |       ||   100

Table legend: (Time is in decaauts)
 A = Elapsed time spent in this place.
 B = Non-inter-level travel time spent in this place.
 C = Inter-level travel time spent in this place.
 D = Time resting spent in this place.
 E = Time spent auto-exploring this place.
 F = Levels seen in this place.
 G = Mean time per level.
                   A        B        C        D        E       F      G
               +--------+--------+--------+--------+--------+-----+--------+
         Total |  15453 |  14916 |    537 |   1114 |  11911 |  13 | 1188.7 |
       Dungeon |  11094 |  10744 |    350 |    986 |   8159 |   8 | 1386.8 |
        Temple |     28 |     15 |     13 |      0 |      8 |   1 |   28.0 |
          Lair |   4330 |   4157 |    173 |    128 |   3744 |   4 | 1082.5 |
               +--------+--------+--------+--------+--------+-----+--------+

Top non-repeatable levels by time:
     D:7: 2288 daAuts
  Lair:3: 2080 daAuts
     D:1: 1578 daAuts
     D:5: 1411 daAuts
     D:2: 1383 daAuts
     D:4: 1343 daAuts
     D:6: 1242 daAuts
  Lair:1: 1127 daAuts
  Lair:2: 1065 daAuts
     D:3: 981 daAuts
     D:8: 864 daAuts
  Lair:4: 56 daAuts
  Temple: 28 daAuts
